 Dungeon Crawl Stone Soup version 0.28.0-53-g5a82cb258f (webtiles) character file.

Game seed: 9752526198460341752

14269 Peloso the Carver (level 11, -2/90 (99) HPs)
             Began as a Minotaur Fighter on May 21, 2022.
             Was a High Priest of Okawaru.
             Slain by a death scarab (6 damage)
             ... in a Gauntlet.
             The game lasted 00:23:47 (13971 turns).

Peloso the Carver (Minotaur Fighter)               Turns: 13971, Time: 00:23:48

HP:   -2/90 (99)    AC: 21    Str: 24    XL:     11   Next: 86%
MP:   12/12         EV:  8    Int: 17    God:    Okawaru [*****.]
Gold: 338           SH:  9    Dex: 12    Spells: 10/10 levels left

rFire   + + .      SeeInvis .   a - +2 long sword (vorpal)
rCold   + . .      Faith    .   q - +3 buckler of Puckish Miracles {Int+6 Dex+3}
rNeg    . . .      Spirit   .   e - +0 plate armour
rPois   .          Reflect  .   (helmet restricted)
rElec   +          Harm     .   B - scarf {rC+ rF+}
rCorr   .          Rampage  .   (no gloves)
Will    .....      NoTele   +   u - +0 pair of boots of the Bagpipe {rElec Int+6 Dex-2 Slay+3}
Stlth   ..........              (no amulet)
HPRegen 0.25/turn               y - +4 ring of protection
MPRegen 0.13/turn               D - ring of protection from fire

@: hasted and slowed, drained
A: horns 2, retaliatory headbutt
a: Renounce Religion, Heroism, Finesse, Duel


You were in a Gauntlet.
You worshipped Okawaru.
Okawaru was extremely pleased with you.
You visited 2 branches of the dungeon, and saw 12 of its levels.
You also visited: Ossuary and Gauntlet.

You collected 585 gold pieces.
You spent 247 gold pieces at shops.

Inventory:

Hand Weapons
 a - a +2 vorpal long sword (weapon)
 b - a +1 spear of flaming
Armour
 c - a +0 buckler
 e - a +0 plate armour (worn)
 q - the +3 buckler of Puckish Miracles (worn) {Int+6 Dex+3}
   (You found it on level 4 of the Dungeon)

   Int:       It affects your intelligence (+6).
   Dex:       It affects your dexterity (+3).
 u - the +0 pair of boots of the Bagpipe (worn) {rElec Int+6 Dex-2 Slay+3}
   (Okawaru gifted it to you on level 10 of the Dungeon)

   Int:       It affects your intelligence (+6).
   Dex:       It affects your dexterity (-2).
   Slay:      It affects your accuracy & damage with ranged weapons and melee
   (+3).
   rElec:     It insulates you from electricity.
 B - a scarf of resistance (worn)
Jewellery
 j - a ring of fire
 k - an amulet of magic regeneration
 v - a ring of fire
 y - a +4 ring of protection (left hand)
 D - a ring of protection from fire (right hand)
Wands
 o - a wand of polymorph (22)
 r - a wand of mindburst (28)
 C - a wand of iceblast (14)
 E - a wand of paralysis (7)
 K - a wand of flame (28)
Scrolls
 f - 8 scrolls of noise
 g - 6 scrolls of enchant weapon
 h - a scroll of summoning
 i - a scroll of holy word
 l - 2 scrolls of amnesia
 m - 4 scrolls of teleportation
 n - a scroll of blinking
 p - 2 scrolls of fear
 t - a scroll of enchant armour
 A - 4 scrolls of immolation
Potions
 d - 2 potions of might
 s - 2 potions of haste
 x - a potion of ambrosia
 z - 4 potions of mutation
 G - 2 potions of brilliance {unknown}
 H - 2 potions of curing {unknown}
 I - 3 potions of cancellation {unknown}
 L - a potion of flight {unknown}
 P - a potion of magic {unknown}
 R - a potion of attraction {unknown}
Miscellaneous
 M - a tin of tremorstones (2/2)
 N - a phial of floods


   Skills:
 + Level 9.7 Fighting
 + Level 14.2 Long Blades
 + Level 12.2 Armour
 + Level 2.5 Dodging
 + Level 1.3 Stealth
 + Level 9.9 Shields
 + Level 2.8 Invocations
 + Level 1.9 Evocations


You had 10 spell levels left.
You didn't know any spells.
Your spell library contained the following spells:

 Spells                   Type           Power      Damage    Failure   Level
 Conjure Flame            Conj/Fire      0%         6-21      100%        3
 Gell's Gravitas          Tloc           0%         N/A       100%        3
 Ignite Poison            Fire/Tmut/Pois 0%         N/A       100%        3
 Lesser Beckoning         Tloc           0%         N/A       100%        3
 Teleport Other           Tloc           0%         N/A       100%        3
 Sticky Flame             Conj/Fire      0%         2d3       100%        4


Dungeon Overview and Level Annotations

Branches:
Dungeon (11/15)            Temple (1/1) D:5            Lair (0/6) D:9
    Orc (0/2) D:10        Ossuary (visited)         Gauntlet (1/1)

Altars:
Ashenzari
Cheibriados
Kikubaaqudgha
Makhleb
Okawaru
Qazlal
Trog
Uskayaw
Vehumet
Xom
Yredelemnul
Zin
The Shining One
Beogh

Shops:
D:1 *   D:10 [

Annotations:
D:7 3 runed translucent doors, kalagan's ghost, novice GrFi Gauntlet 11 transporters, exclusion: obsidian statue


Innate Abilities, Weirdness & Mutations

You have a pair of horns on your head.
You reflexively headbutt those who attack you in melee.


Message History

The death scarab drains your vigour!
You feel as though you will be slow longer.
The death scarab draws strength from your injuries!
You block the spectral death yak's attack.
The spectral death yak gores you but does no damage.
Unknown command.
You feel much better. The death scarab bites you!
* * * LOW HITPOINT WARNING * * *
The death scarab drains your vigour!
You feel as though you will be slow longer.
The death scarab draws strength from your injuries!
The spectral death yak gores you but does no damage.
You slash the spectral death yak! You headbutt the spectral death yak.
The spectral death yak is heavily damaged.
You block the death scarab's attack.
The death scarab bites you but does no damage.
The spectral death yak gores you!
* * * LOW HITPOINT WARNING * * *
You feel drained.
You miss the death scarab.
The death scarab is moderately damaged.
You block the death scarab's attack.
The death scarab bites you but does no damage.
The spectral death yak gores you!
* * * LOW HITPOINT WARNING * * *
Unknown command.
You hit the spectral death yak but do no damage.
The spectral death yak is heavily damaged.
The death scarab bites you!
* * * LOW HITPOINT WARNING * * *
The death scarab drains your vigour!
You feel as though you will be slow longer.
The death scarab draws strength from your injuries!
You block the spectral death yak's attack.
Okay, then.
Blink to where?
Press: ? - help, Dir - move target
As you read the scroll of blinking, it crumbles to dust.
You feel yourself speed up. The death scarab bites you.
You die...

,*,*****..#####..#..#8#
*,,*,,,*.#....h#h#..###
,,,*,,,*.....hhyh#..#
****,,,*##########..###
*,,..≈....#.©.#.....#8#
*,8.≈8§.8.#...#.8...###
*,,..≈....#.©.#.....#
***#...###########..###
*,,#...#........@#..#8#
,**#...#........B#..###
,**#...#!.#P.P#..#..#
,,,#...#..§......#..###
,**#...#©...©....#©.#8#
.###...#...P.....#..###
#..#...#..#...#..#..#
.###...#......P..#..###
.###...#.........#..#8#


You could see a moth of wrath, a death scarab and 5 wolves.

Vanquished Creatures
  4 two-headed ogres
  A tengu warrior (D:10)
  2 unseen horrors
  A tengu conjurer (D:10)
  2 trolls
  2 hornets (D:9)
  Grinder (D:4)
  A wraith (D:9)
  26 yaks
  2 wargs (D:8)
  An acid dragon (D:9)
  9 orc warriors
  A sky beast (D:6)
  A necrophage (D:8)
  7 ogres
  3 centaurs (D:8)
  3 kobold brigands
  2 phantoms
  3 bullfrogs
  Blork the orc (D:4)
  5 gnoll sergeants
  A water moccasin zombie (D:6)
  6 scorpions
  3 wights (D:7)
  7 centaur zombies
  2 human zombies (Ossuary)
  A jelly (D:6)
  4 hounds
  Crazy Yiuf (D:4)
  2 bullfrog skeletons
  11 orc priests
  A centaur skeleton (D:5)
  An iguana (D:6)
  A gnoll shaman (D:7)
  7 orc wizards
  3 mummies (Ossuary)
  14 gnolls
  10 adders
  A shadow imp (D:5)
  An ufetubus (D:5)
  An adder skeleton (D:4)
  A dart slug (D:1)
  58 orcs
  6 endoplasms
  2 giant cockroaches
  A gnoll zombie (Ossuary)
  7 goblins
  6 hobgoblins
  4 jackals (D:2)
  3 quokkas
  5 ball pythons
  5 bats
  3 frilled lizards
  2 hobgoblin zombies (Ossuary)
  14 kobolds
  A kobold zombie (Ossuary)
  5 rats
279 creatures vanquished.

Vanquished Creatures (others)
  19 withered plants (Gauntlet)
19 creatures vanquished.

Grand Total: 298 creatures vanquished

Notes
Turn   | Place    | Note
-------+----------+-------------------------------------------
     0 | D:1      | Peloso the Minotaur Fighter began the quest for the Orb.
     0 | D:1      | Reached XP level 1. HP: 19/19 MP: 0/0
   226 | D:1      | Found Naburuw's Assorted Antiques.
   268 | D:1      | Reached XP level 2. HP: 27/27 MP: 1/1
  1064 | D:1      | Reached XP level 3. HP: 28/33 MP: 2/2
  1372 | D:2      | Reached skill level 3 in Long Blades
  2105 | D:3      | Reached XP level 4. HP: 38/40 MP: 3/3
  2520 | D:2      | Reached skill level 4 in Long Blades
  2683 | D:3      | Reached XP level 5. HP: 40/46 MP: 4/4
  3201 | D:3      | Reached skill level 5 in Armour
  3431 | D:4      | Noticed an ogre
  3438 | D:4      | Identified the +3 buckler of Puckish Miracles {Int+6 Dex+3}
  3450 | D:4      | Reached skill level 5 in Long Blades
  3518 | D:4      | Noticed a phantom
  3526 | D:3      | Reached XP level 6. HP: 44/53 MP: 5/5
  4005 | D:4      | Noticed Blork the orc
  4014 | D:4      | Killed Blork the orc
  4015 | D:4      | Reached skill level 6 in Long Blades
  4240 | D:4      | Noticed Grinder
  4256 | D:4      | Killed Grinder
  4257 | D:4      | Reached skill level 5 in Fighting
  4257 | D:4      | Reached skill level 5 in Shields
  4257 | D:4      | Reached XP level 7. HP: 32/61 MP: 6/6
  4820 | D:4      | Reached skill level 7 in Long Blades
  4859 | D:4      | Found a runed translucent door.
  4860 | D:4      | Noticed Crazy Yiuf
  4865 | D:4      | Killed Crazy Yiuf
  4894 | D:5      | Entered Level 5 of the Dungeon
  5106 | D:5      | Reached XP level 8. HP: 51/68 MP: 7/7
  5186 | D:5      | Found a staircase to the Ecumenical Temple.
  5208 | Temple   | Entered the Ecumenical Temple
  5231 | Temple   | Became a worshipper of Warmaster Okawaru
  5975 | D:6      | Reached skill level 8 in Long Blades
  6223 | D:6      | Reached * piety under Okawaru
  6565 | D:6      | Reached skill level 9 in Long Blades
  7125 | D:7      | Noticed a two-headed ogre
  7132 | D:7      | Killed a two-headed ogre
  7132 | D:7      | Reached ** piety under Okawaru
  7133 | D:7      | Reached skill level 10 in Long Blades
  7133 | D:7      | Reached skill level 1 in Dodging
  7133 | D:7      | Reached XP level 9. HP: 63/78 MP: 5/8
  8074 | D:7      | Found a runed translucent gate.
  8074 | D:7      | Found a runed translucent gate.
  8075 | D:7      | Found a runed translucent gate.
  8079 | D:7      | Noticed kalagan's ghost (novice GrFi)
  8446 | D:8      | Reached *** piety under Okawaru
  8447 | D:8      | Reached skill level 1 in Stealth
  8544 | D:8      | Noticed a two-headed ogre
  8551 | D:8      | Reached skill level 11 in Long Blades
  8559 | D:8      | Killed a two-headed ogre
  8560 | D:8      | Reached skill level 1 in Invocations
  8560 | D:8      | Reached XP level 10. HP: 42/86 MP: 7/9
  8581 | D:8      | Found a sand-covered staircase.
  8592 | D:8      | Reached skill level 10 in Armour
  8596 | Ossuary  | Entered an ossuary
  9068 | Ossuary  | Reached **** piety under Okawaru
  9385 | D:8      | Noticed a two-headed ogre
  9394 | D:8      | Killed a two-headed ogre
  9395 | D:8      | Reached skill level 1 in Evocations
  9848 | D:9      | Reached skill level 12 in Long Blades
  9991 | D:9      | Reached ***** piety under Okawaru
 10008 | D:9      | Received a gift from Okawaru
 10189 | D:9      | Noticed a two-headed ogre
 10194 | D:9      | Killed a two-headed ogre
 10219 | D:9      | Received a gift from Okawaru
 10220 | D:9      | Reached XP level 11. HP: 45/95 MP: 8/11
 10526 | D:9      | Found a staircase to the Lair.
 10577 | D:8      | Reached skill level 13 in Long Blades
 11874 | D:10     | Entered Level 10 of the Dungeon
 12416 | D:10     | Found an ancient bone altar of Kikubaaqudgha.
 12419 | D:10     | Found a broken altar of Ashenzari.
 12421 | D:10     | Found a glowing silver altar of Zin.
 12421 | D:10     | Found a hide-covered altar of Uskayaw.
 12505 | D:10     | Found Rebbioz's Antique Armour Shop.
 12516 | D:10     | Bought an encrusted cloak for 247 gold pieces
 12516 | D:10     | Identified the +0 cloak of Alomufao {Harm rElec Will- SInv}
                  | (You bought it in a shop on level 10 of the Dungeon)
 12602 | D:10     | Noticed a tengu warrior
 12639 | D:10     | Killed a tengu warrior
 12886 | D:10     | Identified the +0 pair of boots of the Bagpipe {rElec Int+6
                  | Dex-2 Slay+3} (Okawaru gifted it to you on level 10 of the
                  | Dungeon)
 12886 | D:10     | Received a gift from Okawaru
 12930 | D:10     | Found a staircase to the Orcish Mines.
 12950 | D:10     | Reached skill level 14 in Long Blades
 13322 | D:11     | Found a gate leading to a gauntlet.
 13339 | Gauntlet | Entered a Gauntlet
 13339 | Gauntlet | Noticed a death scarab
 13339 | Gauntlet | Noticed a hell hog
 13339 | Gauntlet | Found a transporter.
 13339 | Gauntlet | Found a transporter.
 13339 | Gauntlet | Found a transporter.
 13345 | Gauntlet | Found a transporter.
 13358 | Gauntlet | Noticed an obsidian statue
 13359 | Gauntlet | Found a transporter.
 13368 | Gauntlet | Identified the +8 hunting sling of Defiance {vorpal, rElec
                  | rPois rF+ SInv}
 13368 | Gauntlet | Noticed a minotaur
 13369 | Gauntlet | Noticed a sixfirhy
 13870 | Gauntlet | Found a transporter.
 13876 | Gauntlet | Found a transporter.
 13884 | Gauntlet | Found a transporter.
 13895 | Gauntlet | Noticed a death scarab
 13901 | Gauntlet | Found a transporter.
 13909 | Gauntlet | Found a transporter.
 13926 | Gauntlet | Found a transporter.
 13936 | Gauntlet | Found a transporter.
 13969 | Gauntlet | HP: 3/90 [death scarab (7)]
 13971 | Gauntlet | Slain by a death scarab

Illustrated notes

Levels and vault maps discovered:
D:1:      saegor_arrival_simple_d, layout_loops_ring, serial_shops, shop,
          nicolae_concentric_dashed_squares_wild
D:2:      layout_loops_ring, lemuel_old_faithful
D:3:      layout_basic, hex_tiny, kennysheep_generic_room_10
D:4:      layout_loops_ring, serial_park_tiny_1, uniq_crazy_yiuf_cottage,
          uniq_grinder, uniq_blork_the_orc
D:5:      layout_basic, temple_pool_b
D:6:      layout_loops_ring, chequers_serial_rivers_small_a
D:7:      layout_loops_ring, gammafunk_ghost_necromancy
D:8:      layout_loops_ring, nicolae_ossuary_entry_ruins, serial_aquarium,
          aquarium_bridge_long_joined [aquarium_subvault_wall,
          aquarium_subvault_bridge, aquarium_subvault_wall,
          aquarium_subvault_wall, aquarium_subvault_wall,
          aquarium_subvault_bridge], aquarium_window_1,
          aquarium_window_corridor_3, aquarium_window_corner,
          aquarium_window_corner, aquarium_view_2b, kennysheep_generic_room_7
D:9:      layout_gridville, erik_lair_orcish_takeover, special_room
          [special_room_orc], solitary_fountain, grunt_ministairs_11,
          kennysheep_generic_room_12
D:10:     layout_roguey, grunt_temple_overflow_open,
          kennysheep_orc_monster_closet_entryway, serial_shops,
          nicolae_lakefront_shop, grunt_decor_junction
D:11:     layout_roguey, gauntlet_entry_generic, serial_shops,
          kennysheep_mini_moat
Temple:   regret_index_temple_mists
Gauntlet: gammafunk_gauntlet_shortcut [nicolae_gauntlet_arena_grate_2,
          gammafunk_gauntlet_arena_mazey, gammafunk_gauntlet_arena_hedges,
          nicolae_gauntlet_arena_blocks, nicolae_gauntlet_arena_quarters,
          gammafunk_gauntlet_arena_crates, dreamdust_gauntlet_exit_labyrinth]

Skill      XL: |  1  2  3  4  5  6  7  8  9 10 11 |
---------------+----------------------------------+-----
Shields        | 4 5 6 7 8 9 |  9.9
Armour         | 4 5 6 7 8 9 10 12 | 12.2
Fighting       | 4 5 6 7 8 9 |  9.7
Long Blades    | 3 4 5 6 7 10 11 12 14 | 14.2
Dodging        | 1 2 |  2.5
Stealth        | 1 |  1.3
Invocations    | 1 2 |  2.8
Evocations     | 1 |  1.9

Action                   |  1- 3 |  4- 6 |  7- 9 | 10-12 || total
-------------------------+-------+-------+-------+-------++-------
Melee: Long sword        |   119 |   131 |   219 |   460 ||   929
       Headbutt          |     9 |    17 |    33 |   115 ||   174
Invok: Heroism           |       |       |     5 |    14 ||    19
Evoke: Wand              |       |       |     4 |     4 ||     8
  Use: Scroll            |       |       |     7 |    13 ||    20
       Potion            |       |       |       |     2 ||     2
Armor: Plate armour      |    28 |    35 |   113 |   282 ||   458
       Chain mail        |    61 |    37 |       |       ||    98
Dodge: Dodged            |    53 |    50 |    50 |   115 ||   268
Block: Buckler           |    21 |    44 |    90 |   208 ||   363
